AoeStats
← 恆浪蕩

Black Forest

507295492Analyzed
4v4 RM · 14d ago on Sep 17, 2026· 45m 41s· 8 players
Game mode
Random Map
Map size
Large (8 player)
Population
200
Speed
Normal
Resources
Standard
Victory
Conquest
Starting age
Dark Age
Ending age
Imperial Age
RankedLock teamsTeams togetherTeam positionsShared explorationLock speedFull tech treeHidden civsTurbo modeCheats
Victory
Defeat
🇦🇷 Muisca · Argentina
1618
+13
🇨🇳 Teutons · China
1607
+14
🇹🇼 Maya · Taiwan
1602
+14
🇨🇳 Chinese · China
1565
+15
🇦🇷 Maya · Argentina
1616
-16
🇨🇳 Khmer · China
1550
-14
🇨🇱 Spanish · Chile
1536
-13
🇨🇳 Mongols · China
1519
-13
默默默默默
0:44 Loom
0:55 Loom
14:53 Feudal Age
18:30 Castle Age
17:06 Double-Bit Axe
17:12 Gold Mining
18:06 Gold Mining
21:38 Sanctity
21:41 Redemption
22:38 Sanctity
33:24 Imperial Age
32:07 Bow Saw
32:35 Gold Shaft Mining
32:15 Scale Mail Armor
32:25 Forging
32:05 Treadmill Crane
32:43 Horse Collar
32:53 Stone Mining
33:52 Chain Mail Armor
34:59 Iron Casting
34:08 Fishing Lines
33:52 Champi Runner
35:13 Plate Mail Armor
34:59 Champi Warrior
36:18 Block Printing
36:30 Illumination
36:44 Theocracy
37:26 Elite Champi Warrior
42:14 Squires
42:51 Squires
Paladin
0:25 Loom
13:21 Feudal Age
14:10 Double-Bit Axe
17:00 Castle Age
15:34 Horse Collar
19:23 Bow Saw
24:08 Fletching
26:03 Bodkin Arrow
29:26 Heavy Plow
33:16 Imperial Age
30:51 Gold Mining
30:56 Stone Mining
31:19 Heavy Plow
32:14 Wheelbarrow
32:47 Ballistics
33:32 Hand Cart
34:01 Bracer
35:02 Chemistry
34:42 Padded Archer Armor
34:21 Capped Ram
35:49 Gold Shaft Mining
36:00 Leather Archer Armor
35:32 Town Watch
37:14 Two-Man Saw
37:17 Conscription
38:12 Ring Archer Armor
39:09 Stone Shaft Mining
38:21 Siege Ram
39:10 Town Patrol
39:31 Elite Chu Ko Nu
41:14 Thumb Ring
41:34 Elite Skirmisher
42:48 Great Wall
43:01 Masonry
43:40 Scale Barding Armor
44:44 Bloodlines
44:35 Husbandry
43:56 Light Cavalry
44:57 Chain Barding Armor
44:48 Forging
46:11 Caravan
克莱因蓝
4:16 Loom
5:24 Loom
11:45 Feudal Age
15:54 Castle Age
13:54 Double-Bit Axe
15:58 Fishing Lines
16:57 Bow Saw
19:10 Gillnets
19:15 Horse Collar
23:00 Scale Barding Armor
24:18 Bloodlines
24:54 Wheelbarrow
25:26 Chain Barding Armor
25:55 Forging
27:59 Hand Cart
32:06 Imperial Age
29:53 Scale Mail Armor
29:18 Pikeman
30:10 Heavy Plow
31:15 Chain Mail Armor
31:04 Squires
30:50 Arson
32:18 Iron Casting
31:35 Gold Mining
31:36 Stone Mining
32:16 Onager
33:52 Plate Mail Armor
34:23 Blast Furnace
34:19 Ballistics
35:02 Chemistry
34:21 Masonry
34:40 Siege Engineers
35:57 Halberdier
36:53 Siege Onager
39:19 Two-Man Saw
38:50 Crop Rotation
39:00 Conscription
39:01 Ironclad
40:13 Padded Archer Armor
40:30 Cavalier
42:06 Plate Barding Armor
42:06 Paladin
恆浪蕩
0:26 Loom
12:25 Feudal Age
13:05 Double-Bit Axe
20:40 Castle Age
18:46 Horse Collar
20:31 Fletching
21:21 Gold Mining
21:42 Bow Saw
21:37 Heavy Plow
21:55 Bodkin Arrow
23:30 Wheelbarrow
23:27 Crossbowman
31:51 Imperial Age
30:13 Ballistics
29:36 Treadmill Crane
30:22 Padded Archer Armor
30:48 Ballistics
31:49 Hand Cart
31:19 Town Watch
32:04 Thumb Ring
31:58 Fishing Lines
32:43 Arbalester
33:46 Elite Skirmisher
34:34 Bracer
35:24 Eagle Warrior
36:06 Squires
36:09 Heavy Plow
36:42 Leather Archer Armor
37:31 Caravan
38:17 Ring Archer Armor
38:15 Fortified Wall
39:48 Elite Eagle Warrior
41:49 Chemistry
41:59 Town Patrol
42:42 Scale Mail Armor
42:52 Forging
42:29 Arson
44:15 Chain Mail Armor
44:40 Holcans
44:30 Conscription
44:50 Coinage
44:30 Guilds
45:25 Gillnets
牛比无极限
5:04 Loom
9:22 Feudal Age
10:19 Double-Bit Axe
14:20 Wheelbarrow
17:14 Castle Age
16:25 Horse Collar
19:04 Hand Cart
21:02 Bow Saw
24:44 Bloodlines
24:34 Husbandry
28:04 Gold Mining
28:06 Stone Mining
31:31 Imperial Age
29:54 Ballistics
29:41 Heavy Plow
29:53 Town Watch
30:01 Fletching
30:45 Bodkin Arrow
30:58 Padded Archer Armor
31:55 Leather Archer Armor
32:38 Conscription
31:43 Elite Mangudai
32:46 Bracer
33:58 Chemistry
34:03 Parthian Tactics
33:52 Capped Ram
35:01 Siege Ram
36:46 Drill
35:55 Onager
37:28 Siege Engineers
40:14 Siege Onager
_EMA_001
11:51 Feudal Age
14:58 Castle Age
13:24 Double-Bit Axe
16:28 Bow Saw
17:08 Wheelbarrow
18:45 Bloodlines
20:27 Horse Collar
25:00 Hand Cart
30:05 Imperial Age
28:32 Gold Mining
28:33 Stone Mining
29:47 Husbandry
30:56 Ballistics
31:06 Heavy Plow
33:13 Gold Shaft Mining
32:22 Elite Ballista Elephant
35:24 Double Crossbow
35:45 Conscription
36:16 Scale Barding Armor
36:03 Fletching
36:32 Siege Engineers
39:01 Chain Barding Armor
38:26 Elite Battle Elephant
40:32 Plate Barding Armor
40:42 Crop Rotation
40:04 Light Cavalry
41:20 Forging
41:21 Tusk Swords
41:45 Hussar
44:06 Iron Casting
46:57 Blast Furnace
AiM | Shuffle
1:08 Loom
13:23 Feudal Age
15:00 Double-Bit Axe
24:07 Castle Age
25:20 Light Cavalry
29:47 Bow Saw
30:58 Horse Collar
33:53 Wheelbarrow
33:27 Town Watch
34:26 Heavy Plow
35:32 Hand Cart
37:30 Gold Mining
40:22 Caravan
42:52 Imperial Age
40:43 Fletching
40:54 Padded Archer Armor
41:43 Ballistics
41:30 Bodkin Arrow
41:06 Elite Skirmisher
42:23 Leather Archer Armor
43:35 Bracer
44:06 Ring Archer Armor
44:38 Chemistry
EL_REY_TUT
0:28 Loom
14:01 Feudal Age
17:50 Castle Age
16:44 Double-Bit Axe
18:49 Fletching
19:25 Bodkin Arrow
20:58 Horse Collar
27:29 Padded Archer Armor
27:41 Bow Saw
29:29 Wheelbarrow
30:53 Fishing Lines
32:48 Gillnets
33:49 Gold Mining
39:06 Imperial Age
37:41 Scale Mail Armor
37:45 Squires
37:18 Eagle Warrior
38:26 Hand Cart
39:21 Chain Mail Armor
39:49 Masonry
39:11 Elite Eagle Warrior
40:37 Conscription
41:21 Holcans
41:25 Architecture
43:12 Hoardings
44:14 Plate Mail Armor
43:32 Treadmill Crane
44:39 Hoardings
45:02 Forging
Connection lost

Rejoining the realm…

Still unreachable

The connection could not be restored.

Session expired

The server has moved on; the page needs a fresh start.